 Dungeon Crawl Stone Soup version 0.24.0-1-gfbc8707 (webtiles) character file.

Game seed: 5039767998872881457, levelgen mode: deterministic

126 AmazingTV the Chopper (level 4, -1/40 HPs)
             Began as a Minotaur Berserker on Nov 18, 2019.
             Was a Believer of Trog.
             Slain by a black bear (3 damage)
             ... on level 4 of the Dungeon.
             The game lasted 00:16:51 (1407 turns).

AmazingTV the Chopper (Minotaur Berserker)          Turns: 1407, Time: 00:16:52

Health: -1/40      AC:  6    Str: 22    XL:     4   Next: 83%
Magic:  3/3        EV: 10    Int:  5    God:    Trog [**....]
Gold:   127        SH:  0    Dex:  9    Spells: 3/3 levels left

rFire    . . .     SeeInvis .   a - +0 hand axe
rCold    . . .     Gourm    .   (no shield)
rNeg     . . .     Faith    .   p - +0 scale mail
rPois    .         Spirit   .   (helmet restricted)
rElec    .         Reflect  .   (no cloak)
rCorr    .         Harm     .   (no gloves)
MR       ++...                  (no boots)
Stlth    ..........             (no amulet)
HPRegen  1.13/turn              (no ring)
MPRegen  0.08/turn              (no ring)

@: regenerating
A: retaliatory headbutt, horns 2
a: Berserk, Trog's Hand, Renounce Religion


You were on level 4 of the Dungeon.
You worshipped Trog.
Trog was pleased with you.
You were not hungry.

You visited 1 branch of the dungeon, and saw 4 of its levels.

You collected 127 gold pieces.

Inventory:

Hand Weapons
 a - a +0 hand axe (weapon)
 f - a +0 dagger
 h - a +0 short sword
 o - a +2 short sword of holy wrath
 q - a +0 flail
 u - a +0 mace
Missiles
 d - 17 bolts
 g - 3 atropa-tipped darts (quivered)
 l - 7 stones
Armour
 b - a +0 animal skin
 j - a +0 robe
 p - a +0 scale mail (worn)
 s - a +0 leather armour
 t - a +0 chain mail
 w - a +0 scale mail
Scrolls
 e - 2 scrolls of identify {unknown}
 m - 3 scrolls of teleportation {unknown}
 n - 2 scrolls of immolation {unknown}
 r - 3 scrolls of remove curse {unknown}
 y - a scroll of noise {unknown}
 z - a scroll of enchant weapon {unknown}
Potions
 k - 3 potions of curing {unknown}
 v - 2 potions of flight {unknown}
 x - a potion of ambrosia {unknown}
Comestibles
 c - 7 rations


   Skills:
 + Level 4.3 Fighting
 + Level 1.1 Short Blades
 + Level 4.4 Axes
 * Level 1.7 Throwing
 + Level 2.7 Armour
 + Level 2.5 Dodging
 * Level 1.7 Stealth


You had 3 spell levels left.
You didn't know any spells.
Your spell library was empty.

Dungeon Overview and Level Annotations

Branches:
Dungeon (4/15)
 Temple: D:4-7

Altars:
Fedhas
Nemelex Xobeh
Okawaru
Qazlal
Ru
Sif Muna
Xom
Zin
The Shining One

Annotations:
D:4 Menkaure


Innate Abilities, Weirdness & Mutations

You reflexively headbutt those who attack you in melee.
You have a pair of horns on your head.


Message History

The black bear claws you but does no damage.
The black bear barely misses you.
The orc wizard casts a spell.
The orc wizard blinks!
Menkaure calls on the powers of darkness!
The black bear convulses!
Your body is wracked with pain!
The black bear barely misses you. The black bear claws you.
* * * LOW HITPOINT WARNING * * *
The black bear claws you but does no damage.
Your skin crawls.
You feel resistant to hostile enchantments.
You feel somewhat more hungry. The black bear bites you!
* * * LOW HITPOINT WARNING * * *
The black bear claws you.
* * * LOW HITPOINT WARNING * * *
The black bear claws you but does no damage.
The orc wizard hits you but does no damage.
A quokka comes into view.
The black bear barely misses you. The black bear claws you.
You die...

..... ##..... ..
....... .....##
.......
#......######.......
#........@h.....r..
####.......oM.)......
#.....##........##.
###......#.......##
#...............##
##....#(##.<...#.#
#.....#####....#...
##..#..........###...
#..............# #...


You could see a black bear (berserk), Menkaure, an orc wizard and a quokka
(wandering).

Vanquished Creatures
  A scorpion (D:4)
  An adder (D:4)
  2 worms (D:3)
  A dart slug (D:1)
  A leopard gecko (D:3)
  9 orcs
  4 bats
  A giant cockroach (D:1)
  4 goblins
  7 hobgoblins
  10 kobolds
  A quokka (D:3)
  A ball python (D:1)
  2 frilled lizards
  7 rats
  A plant (D:3)
53 creatures vanquished.

Notes
Turn   | Place    | Note
-------+----------+-------------------------------------------
     0 | D:1      | AmazingTV the Minotaur Berserker began the quest for the
                  | Orb.
     0 | D:1      | Reached XP level 1. HP: 19/19 MP: 0/0
   126 | D:1      | Reached XP level 2. HP: 22/27 MP: 1/1
   435 | D:2      | Reached ** piety under Trog
   438 | D:2      | Reached skill level 1 in Throwing
   506 | D:2      | You fall into a shaft and drop 1 floor!
   529 | D:3      | Reached skill level 1 in Stealth
   529 | D:3      | Reached XP level 3. HP: 32/33 MP: 2/2
   621 | D:3      | Found a faded altar of an unknown god.
   645 | D:3      | Found a stormy altar of Qazlal.
   802 | D:3      | Found an iron altar of Okawaru.
   845 | D:3      | Found a shimmering altar of Xom.
   847 | D:3      | Found a glowing silver altar of Zin.
   850 | D:3      | Found a blossoming altar of Fedhas.
   851 | D:3      | Found a shimmering blue altar of Sif Muna.
   851 | D:3      | Found a glowing golden altar of the Shining One.
   852 | D:3      | Found a sparkling altar of Nemelex Xobeh.
   852 | D:3      | Found a sacrificial altar of Ru.
  1345 | D:4      | Noticed a scorpion
  1361 | D:4      | Killed a scorpion
  1361 | D:4      | Reached skill level 1 in Short Blades
  1361 | D:4      | Reached XP level 4. HP: 34/40 MP: 3/3
  1392 | D:4      | Noticed a black bear
  1402 | D:4      | Noticed Menkaure
  1407 | D:4      | HP: 2/40 [black bear (2)]
  1407 | D:4      | Slain by a black bear

Levels and vault maps discovered:
D:1:      elethiomel_arrival_quiet, layout_rooms, chequers_garden,
          grunt_decor_fettered, serial_bayou_lake_a
D:2:      layout_basic
D:3:      layout_basic, okawaru_metal_pillars_1_2, minitemple, serial_forest,
          infiniplex_forest_straight_3, infiniplex_forest_clump_small,
          infiniplex_forest_straight_4, infiniplex_forest_lined_room_3,
          infiniplex_forest_corner_2, infiniplex_forest_straight_1,
          infiniplex_forest_straight_2, infiniplex_forest_clump_diagonal,
          chequers_ecumenical_altar_simple_redux, first_ration,
          nicolae_qazlal_eye_of_the_storm
D:4:      cheibrodos_greedy_goblins, layout_cave_pools, lemuel_round_altar,
          uniq_menkaure, uniq_sigmund

Skill      XL: |  1  2  3 |
---------------+----------+-----
Fighting       | 4 |  4.3
Axes           | 4 |  4.4
Throwing       | 1 |  1.7
Stealth        | 1 |  1.7
Short Blades   | 1 |  1.1
Armour         | |  2.7
Dodging        | |  2.5

Action                   |  1- 3 |  4- 6 || total
-------------------------+-------+-------++-------
Melee: Hand axe          |    70 |     3 ||    73
       Headbutt          |    27 |     2 ||    29
       Short sword       |    71 |     5 ||    76
Throw: Javelin           |     4 |     2 ||     6
       Dart              |     1 |       ||     1
Invok: Trog's Hand       |     1 |     1 ||     2
  Eat: Ration            |     1 |       ||     1
Armor: Animal skin       |     3 |       ||     3
       Scale mail        |    15 |    11 ||    26
Dodge: Dodged            |    66 |    12 ||    78
